Match 43020258
Unlisted

Match 43020258
End
Selects Luftwaffe Battlegroup
Selects Luftwaffe Pioneer Support
Fallschirmpioneer Squad Paradrop
Fallschirmpioneer Squad Paradrop
Construct Infanterie Kompanie
Medical Station
Fallschirmpioneer Squad Paradrop
Selects Flak 38 Anti-Air Emplacement
Construct Panzergrenadier Kompanie
Fallschirmpioneer Squad Paradrop
Selects Stuka Strafing Run
Selects Fallschirmjäger Squad Paradrop
Fallschirmjäger Squad Paradrop
Fallschirmpioneer Squad Paradrop
Fallschirmjäger Squad Paradrop
Fallschirmpioneer Squad Paradrop
Construct Panzer Kompanie
Fallschirmpioneer Squad Paradrop
Fallschirmjäger Squad Paradrop
Side Skirts
Panzer Officer Quarters
Selects Stuka Loiter
Fallschirmpioneer Squad Paradrop
Fallschirmjäger Squad Paradrop
Fallschirmpioneer Squad Paradrop
Panzer IV Medium Tank
Panzer IV Medium Tank
Selects Infantry Reserves
Fallschirmpioneer Squad Paradrop
Fallschirmpioneer Squad Paradrop
Hellobaby
PROFL
神眷之樱花
秦时明月
marty87
Ozrealix
PenikmatKopi
stop maize
0
0

Comments sign in to comment!

No comments posted yet!